 Dungeon Crawl Stone Soup version 0.29.0-5-ge4962eb29e (webtiles) character file.

Game seed: 9111504463786545063

767 sanka the Grappler (level 7, -1/66 HPs)
             Began as a Troll Monk on Aug 29, 2022.
             Slain by a white imp (5 damage)
             ... on level 5 of the Dungeon.
             The game lasted 00:04:16 (2688 turns).

sanka the Grappler (Troll Monk)                     Turns: 2688, Time: 00:04:17

Health: -1/66      AC:  4    Str: 22    XL:     7   Next: 52%
Magic:  6/6        EV: 10    Int:  6    God:
Gold:   240        SH:  0    Dex: 12    Spells: 6/6 levels left

rFire   . . .      SeeInvis .     - Unarmed
rCold   . . .      Faith    .   (no shield)
rNeg    . . .      Spirit   .   a - +0 robe
rPois   .          Reflect  .   (helmet restricted)
rElec   .          Harm     .   (no cloak)
rCorr   .          Rampage  .   (gloves unavailable)
Will    .....                   (boots unavailable)
Stlth   ++........              (no amulet)
HPRegen 1.01/turn               (no ring)
MPRegen 0.10/turn               l - ring of flight

@: flying
A: large, unfitting armour, claws 3, regeneration 1, shaggy fur 1, tough skin 1
a: no special abilities


You were on level 5 of the Dungeon.
You visited 1 branch of the dungeon, and saw 5 of its levels.

You collected 240 gold pieces.


Innate Abilities, Weirdness & Mutations

You are too large for most types of armour.
You have claws for hands.
Your natural rate of healing is unusually fast.
You are covered in fur. (AC +1)
You have tough skin. (AC +1)


   Skills:
 - Level 2.4 Fighting
 - Level 2.4 Dodging
 - Level 1.0 Stealth
 + Level 9.0 Unarmed Combat


You had 6 spell levels left.
You didn't know any spells.
Your spell library contained the following spells:

 Spells                   Type           Power      Damage    Failure   Level
 Apportation              Tloc           0%         N/A       45%         1
 Necrotise                Necr           0%         1d4       45%         1
 Summon Small Mammal      Summ           0%         N/A       45%         1
 Gell's Gravitas          Tloc           0%         N/A       83%         3
 Lesser Beckoning         Tloc           0%         N/A       83%         3
 Teleport Other           Tloc           0%         N/A       83%         3

Inventory:

Armour
 a - a +0 robe (worn)
 c - a +0 cloak
Jewellery
 l - a ring of flight (right claw)
 m - a ring of ice
Scrolls
 d - 3 scrolls of teleportation {unknown}
 e - 3 scrolls of enchant weapon {unknown}
 f - 2 scrolls of magic mapping {unknown}
 h - 3 scrolls of identify {unknown}
 j - a scroll of immolation {unknown}
Potions
 b - a potion of ambrosia
 g - 2 potions of cancellation {unknown}
 i - a potion of flight {unknown}
 k - a potion of might {unknown}
 n - a potion of degeneration {unknown}
 o - a potion of invisibility {unknown}
 p - a potion of heal wounds {@q2}
 q - a potion of haste {unknown}

Dungeon Overview and Level Annotations

Branches:
Dungeon (5/15)
 Temple: D:4-7

Altars:
Makhleb
Xom

Annotations:
D:5 Grinder

.▒ ▒▒... ▒)
.▒▒....▒ ...
......▒▒▒▒
...▒▒........▒▒
........▒.....▒
▒...........▒▒
.▒....).......▒
.......5o....▒▒
▒.▒...5T......▒
▒▒............
▒.........▒.▒▒
▒▒...........
....▒........▒
.?.▒▒.........▒
▒▒.▒ ..▒▒.▒.▒▒▒
.. ...▒ ▒▒▒▒


You could see Grinder, a white imp and an orc.


Message History

* * * LOW HITPOINT WARNING * * *
You writhe in agony.
* * * LOW HITPOINT WARNING * * *
You claw Grinder!
Grinder is heavily wounded.
The orc barely misses you. The white imp gestures at you.
The puff of frost hits you.
* * * LOW HITPOINT WARNING * * *
Grinder gestures at you. Pain shoots through your body!
* * * LOW HITPOINT WARNING * * *
You scratch Grinder but do no damage.
Grinder is heavily wounded.
You barely miss Grinder. You claw Grinder!
Grinder is almost dead.
The white imp hits you.
* * * LOW HITPOINT WARNING * * *
The white imp freezes you.
* * * LOW HITPOINT WARNING * * *
The orc barely misses you.
Grinder drinks a potion.
Grinder is healed!
You claw Grinder!
Grinder is heavily wounded.
The white imp hits you.
* * * LOW HITPOINT WARNING * * *
The white imp freezes you.
You die...

Action                   |  1- 3 |  4- 6 |  7- 9 || total
-------------------------+-------+-------+-------++-------
Melee: Unarmed           |    71 |   189 |    38 ||   298
       Punch             |       |     7 |     2 ||     9
 Stab: Sleeping          |     4 |     4 |       ||     8
Armor: Robe              |    25 |    43 |     9 ||    77
Dodge: Dodged            |    40 |    96 |    25 ||   161

Levels and vault maps discovered:
D:1:      nicolae_arrival_washed_ashore, layout_loops_corners
D:2:      minmay_angry_zag, layout_rooms, ebering_ecumenical_altar_rust,
          minmay_tromino_v4_c
D:3:      kb_forest_paths, layout_rooms, grunt_temple_overflow_champion_of_chaos
D:4:      layout_basic
D:5:      layout_cave_pools, serial_demonic, serial_demonic_d, serial_demonic_g,
          serial_demonic_a, serial_demonic_e, uniq_crazy_yiuf_cottage,
          uniq_grinder

Notes
Turn   | Place    | Note
-------+----------+-------------------------------------------
     0 | D:1      | sanka the Troll Monk began the quest for the Orb.
     0 | D:1      | Reached XP level 1. HP: 22/22 MP: 0/0
    76 | D:1      | Reached XP level 2. HP: 29/29 MP: 1/1
   450 | D:1      | Reached skill level 4 in Unarmed Combat
   864 | D:2      | Reached XP level 3. HP: 36/36 MP: 2/2
   967 | D:2      | Reached XP level 4. HP: 29/44 MP: 3/3
   990 | D:2      | Found a faded altar of an unknown god.
  1007 | D:2      | Reached skill level 5 in Unarmed Combat
  1144 | D:2      | Identified the +0 pair of gloves "Yfakiurph" {rN+}
  1482 | D:3      | Reached skill level 6 in Unarmed Combat
  1482 | D:3      | Reached XP level 5. HP: 44/50 MP: 4/4
  1532 | D:3      | Found a shimmering altar of Xom.
  1533 | D:3      | Found a burning altar of Makhleb.
  1563 | D:3      | Identified the +4 short sword of Chaos {vorpal, Will+
                  | Dex+4}
  1815 | D:3      | Reached XP level 6. HP: 25/59 MP: 5/5
  2018 | D:3      | Reached skill level 7 in Unarmed Combat
  2353 | D:4      | Reached skill level 8 in Unarmed Combat
  2353 | D:4      | Reached XP level 7. HP: 42/66 MP: 6/6
  2600 | D:4      | Reached skill level 9 in Unarmed Combat
  2662 | D:5      | Entered Level 5 of the Dungeon
  2663 | D:5      | Noticed Grinder
  2687 | D:5      | HP: 5/66 [white imp (4)]
  2688 | D:5      | Slain by a white imp

Vanquished Creatures
  A black bear (D:4)
  2 ogres (D:4)
  A crimson imp (D:3)
  2 hounds
  An orc priest (D:3)
  A jelly (D:4)
  An iguana (D:4)
  An orc wizard (D:4)
  5 gnolls
  13 adders
  3 worms
  A dart slug (D:3)
  14 orcs
  6 ball pythons
  9 endoplasms
  4 giant cockroaches
  7 goblins
  10 hobgoblins
  5 jackals (D:2)
  9 kobolds
  3 quokkas
  6 bats
  6 frilled lizards
  6 rats
117 creatures vanquished.
